 Dungeon Crawl Stone Soup version 0.18-a0-1435-gee79d65 (webtiles) character file.

183690 M4edhros the Spry (level 18, -4/129 HPs)
             Began as an Octopode Hunter on Feb 29, 2016.
             Was an Initiate of Gozag.
             Slain by a deep elf blademaster
             ... wielding a +0 rapier
              (14 damage)
             ... on level 3 of the Elven Halls.
             The game lasted 02:36:16 (77654 turns).

M4edhros the Spry (Octopode Hunter)                Turns: 77654, Time: 02:36:18

Health: -4/129     AC:  8    Str: 14    XL:     18   Next: 38%
Magic:  37/37      EV: 31    Int: 14    God:    Gozag
Gold:   2189       SH: 16    Dex: 25    Spells: 5 memorised, 16 levels left

rFire  + . .     SeeInvis +     a - +9 hunting sling (venom)
rCold  + + +     Gourm    .     v - +2 shield {reflect}
rNeg   . . .     Faith    +     I - +2 hat {SInv}
rPois  .         Spirit   .     f - amulet of faith
rElec  .         Dismiss  .     k - +1 ring of slaying
rCorr  +         Reflect  +     (no ring)
SustAt .         Harm     .     e - ring of protection from cold
MR     +++..                    R - ring of resist corrosion
Stlth  ++++++++..               P - ring "Rotid" {rF+ rC++}
                                i - ring of protection from magic
                                q - +5 ring of dexterity
                                N - ring of Fuicontu {rC++ MP+9}

@: about to teleport, extremely resistant to hostile enchantments,
extraordinarily stealthy
A: almost no armour, amphibious, 8 rings, constrict 8, repulsion field 1, rough
black scales 1, rugged brown scales 1, camouflage 1, agile 1, blink, magic
resistance 1, mutation resistance 1, strong 1, gelatinous body 1
a: Blink, Potion Petition, Call Merchant, Bribe Branch, Renounce Religion


You were on level 3 of the Elven Halls.
You worshipped Gozag.
Gozag was noncommittal.
You were near starving.

You visited 6 branches of the dungeon, and saw 33 of its levels.
You also visited: Ice Cave.

You collected 13551 gold pieces.
You spent 3416 gold pieces at shops.
You paid 7946 gold pieces to Gozag.

Inventory:

Hand Weapons
 a - a +9 hunting sling of venom (weapon)
Missiles
 c - 88 sling bullets (quivered)
 s - 340 stones
Armour
 v - a +2 shield of reflection (worn)
 I - a +2 hat of see invisible (worn)
Rods
 b - a +0 rod of inaccuracy (10/10)
   (You found it on level 3 of the Elven Halls)
 h - a +6 lightning rod (17/17)
   (You found it on level 1 of the Swamp)
 Q - a +2 rod of clouds (14/14)
   (You found it on level 14 of the Dungeon)
Jewellery
 e - a ring of protection from cold (on tentacle)
 f - an amulet of faith (around mantle)
 i - a ring of protection from magic (on tentacle)
 k - a +1 ring of slaying (left tentacle)
 p - a cursed -3 ring of evasion
 q - a +5 ring of dexterity (on tentacle)
 t - an uncursed amulet of regeneration
 A - an uncursed ring of ice
 N - the ring of Fuicontu (on tentacle) {rC++ MP+9}
   (You found it on level 3 of the Swamp)

   [ring of magical power]

   It greatly protects you from cold.
   It affects your magic capacity (+9).
 P - the ring "Rotid" (on tentacle) {rF+ rC++}
   (You bought it in a shop on level 6 of the Dungeon)

   [ring of protection from fire]

   It protects you from fire.
   It greatly protects you from cold.
 R - a ring of resist corrosion (on tentacle)
 Z - a cursed amulet of inaccuracy
Wands
 g - a wand of confusion (18/48)
 n - a wand of teleportation (3/9)
 w - a wand of digging (18/24)
 B - a wand of confusion (14/48)
 E - a wand of paralysis (13/24)
 F - a wand of lightning (3/15)
 J - a wand of heal wounds (7/9)
 L - a wand of random effects (26/48)
 V - a wand of iceblast (9/15)
Scrolls
 j - 7 scrolls of immolation
 o - 2 scrolls of fog
 r - 2 scrolls of recharging
 x - 2 scrolls of blinking
 y - a scroll of noise
 D - a scroll of fear
 H - 2 scrolls of remove curse
 T - 2 scrolls of identify
 W - a scroll of enchant weapon
Potions
 d - a potion of heal wounds
 m - 7 potions of curing
 C - 4 potions of haste
 K - 2 potions of agility
 M - a potion of lignification
 O - a potion of flight
 U - 3 potions of berserk rage
 X - 2 potions of might
Miscellaneous
 G - a fan of gales (inert)
 Y - a lantern of shadows
Comestibles
 l - a royal jelly
 u - 13 bread rations
 z - 7 meat rations
 S - 20 fruits


   Skills:
 - Level 12.0 Fighting
 - Level 12.0 Slings
 - Level 15.0 Dodging
 - Level 13.0 Stealth
 + Level 14.1 Shields
 - Level 7.3 Spellcasting
 - Level 8.4 Hexes
 - Level 5.2 Translocations
 - Level 7.9 Earth Magic
 + Level 10.5 Evocations


You had 16 spell levels left.
You knew the following spells:

 Your Spells              Type           Power        Failure   Level  Hunger
a - Gell's Gravitas       Hex/Tloc       ###.......   2%          3    ##.....
b - Dazzling Spray        Conj/Hex       ###.....     10%         3    ##.....
c - Leda's Liquefaction   Hex/Erth       ####......   8%          4    ####...
d - Fulminant Prism       Conj/Hex       ###.......   28%         4    ####...
e - Sandblast             Erth           ####..       1%          1    None


Dungeon Overview and Level Annotations

Branches:
Dungeon (15/15)            Temple (1/1) D:4            Lair (8/8) D:9
  Swamp (4/4) Lair:4       Spider (0/4) Lair:4        Slime (0/6) Lair:7
    Orc (2/2) D:10            Elf (3/3) Orc:2        Vaults (0/5) D:13
 Depths: D:15

Altars:
Ashenzari
Cheibriados
Dithmenos
Elyvilon
Fedhas
Gozag
Kikubaaqudgha
Makhleb
Nemelex Xobeh
Okawaru
Pakellas
Qazlal
Ru
Sif Muna
Trog
Vehumet
Xom
Yredelemnul
The Shining One
Beogh

Shops:
D:6 [===   D:11 :   D:12 *   D:13 [   Temple %%   Orc:1 :   Orc:2 [[((

Annotations:
D:5 exclusion: door
D:12 1 runed door, 1 exclusion
Lair:7 exclusion: 2 oklob plants
Orc:2 Amnesiac's ghost, journeyman OpTm
Elf:2 5 runed doors


Innate Abilities, Weirdness & Mutations

You cannot wear most types of armour.
You are amphibious.
You can wear up to eight rings at the same time.
You can use your tentacles to constrict eight enemies at once.
Your skin changes colour to match your surroundings (Stealth).
Your rubbery body absorbs attacks (AC +1).
You are surrounded by a mild repulsion field (EV +2).
You are partially covered in rough black scales (AC +4, Dex -1).
You are partially covered in rugged brown scales (AC +1, +3% HP).
You are agile. (Dex +2)
You can translocate small distances at will.
You are resistant to hostile enchantments.
You are somewhat resistant to further mutation.
Your muscles are strong. (Str +2)


Message History

The deep elf blademaster barely misses you.
Your air elemental completely misses the deep elf blademaster.
The deep elf blademaster hits you with a rapier!
The deep elf blademaster hits you with a rapier!!
Your air elemental misses the deep elf blademaster.
The deep elf blademaster rages.
You block the deep elf blademaster's attack.
The deep elf blademaster misses you.
The deep elf blademaster hits you with a rapier!!
The deep elf blademaster completely misses you.
Your air elemental closely misses the deep elf blademaster.
Your air elemental completely misses the deep elf blademaster.
The deep elf blademaster hits you with a rapier!
* * * LOW HITPOINT WARNING * * *
The deep elf blademaster hits you with a rapier!!
* * * LOW HITPOINT WARNING * * *
Your air elemental completely misses the deep elf blademaster.
The deep elf blademaster hits you with a rapier!
You die...
Your body crumbles into a pile of gold.

#e# #...####.... #(# ##.#.#####..
#.### #.##.####.# ##)#.# ### ###
#.###......
###.)..###.#######.###.###......
#.##.(..)................)......
##.###...###...#E####.#.#.#.##...
#=..##...# ###.#e# ##...#.#.....
......#)## ##.@# ##)#.##.....
.....##.# ##.## ##...###.(...
.....##.# #..###.#.#.#..#...
.....##.# #)#...#..##..##..(
.....##.# #.#..#.#.#...##...
.....##)# ##........#.##.####
#...###.# #.......#...###.##
......#.# #####.(#......#.####.##
........###...#.....(.).........#


You could see a deep elf blademaster (berserk) and a friendly air elemental.

Vanquished Creatures
  Saint Roka (Orc:2)
  A deep elf master archer (Elf:3)
  Louise (D:15)
  3 deep elf sorcerers
  Maud (D:12)
  The ghost of zkyp the Imperceptible, an adept SpAK of Lugonu (Elf:3)
  A deep elf demonologist (Elf:3)
  Nessos (D:14)
  Azrael (D:12)
  2 deep elf annihilators (Elf:3)
  3 deep elf death magi
  3 deep elf high priests
  2 vault guards (D:13)
  8 hydras
  An ogre mage (D:15)
  Fannar (Lair:1)
  3 centaur warriors
  2 catoblepae
  3 ghost crabs
  6 alligators
  2 tengu warriors
  3 orc high priests
  7 deep elf knights
  Nergalle (Orc:1)
  3 unseen horrors
  2 swamp dragons (Swamp:1)
  8 deep elf archers
  A spriggan druid (Swamp:4)
  2 necromancers (D:13)
  A lindwurm (shapeshifter) (D:15)
  4 hill giants
  2 orc knights (Orc:1)
  A wolf spider zombie (D:14)
  7 orc sorcerers (Orc:2)
  3 wizards
  6 hornets
  39 deep elf magi
  A cyclops (D:11)
  2 manticores (D:13)
  4 griffons
  10 ugly things
  20 elephants
  3 centaur zombies
  4 black mambas
  3 ice statues (IceCv)
  2 gargoyles
  26 spiny frogs
  A torpor snail (shapeshifter) (D:12)
  5 rime drakes
  3 kobold demonologists
  12 komodo dragons
  A demonic crawler (Lair:4)
  A redback zombie (D:13)
  A tengu conjurer (D:15)
  A polar bear (Lair:4)
  A queen bee (D:8)
  6 trolls
  4 giant leeches
  4 two-headed ogres
  41 blink frogs
  7 bog bodies
  26 slime creatures
  2 boulder beetles
  2 spriggans (Swamp:1)
  4 shadows
  7 wyverns
  3 air elementals
  2 vampires
  5 water elementals
  A wyvern (shapeshifter) (D:13)
  18 humans (D:13)
  A wraith (D:12)
  2 hungry ghosts
  7 fire elementals
  38 yaks
  9 basilisks
  A hippogriff (shapeshifter) (D:15)
  A steam dragon (D:7)
  13 hippogriffs
  11 wargs
  14 vampire mosquitoes
  Menkaure (D:6)
  10 swamp worms
  14 wolves
  A spatial vortex (Lair:6)
  13 water moccasins
  11 porcupines
  5 hell hounds (D:12)
  9 swamp drakes
  34 orc warriors
  12 ice beasts
  4 wasps
  4 black bears
  A sky beast (D:12)
  19 centaurs
  3 boggarts (D:14)
  An eye of draining (shapeshifter) (D:15)
  3 phantoms
  25 ogres
  21 crocodiles
  The ghost of M4edhros the Vandal, an amateur OpHu (D:4)
  35 giant frogs
  A big kobold (D:10)
  2 earth elementals (Elf:1)
  3 wyvern skeletons
  2 scorpions
  25 killer bees
  3 wights (D:10)
  4 electric eels
  8 howler monkeys
  11 crimson imps
  A quasit (D:8)
  9 hounds
  12 orc priests
  11 jellies
  3 giant frog skeletons
  4 centaur skeletons
  12 iguanas
  53 orc wizards
  12 worker ants
  25 sheep
  A hound zombie (D:8)
  2 worker ant zombies
  13 adders
  2 howler monkey skeletons
  76 river rats
  2 shadow imps
  12 white imps (Lair:7)
  An ooze (D:4)
  An adder skeleton (D:8)
  10 worms
  3 dart slugs (D:3)
  5 giant geckos
  152 orcs
  10 bats
  10 giant cockroaches
  4 goblins
  5 hobgoblins
  4 jackals
  5 quokkas
  8 giant newts
  12 kobolds
  A quokka skeleton (D:8)
  4 rats (D:1)
  3 fungi
  A plant (Lair:8)
1242 creatures vanquished.

Vanquished Creatures (collateral kills)
  A shambling mangrove (Swamp:2)
  2 spiny frogs (Lair:8)
  A yak (Lair:8)
  2 giant frogs (Lair:8)
  A crimson imp (D:10)
  A hound (D:10)
8 creatures vanquished.

Vanquished Creatures (others)
  A deep elf elementalist (Elf:3)
  10 dancing weapons
  3 deep elf knights
  2 deep elf archers (Elf:3)
  A cyclops (D:14)
  A yak (D:12)
  An orc warrior (Orc:2)
  A centaur (D:15)
  4 sheep (D:5)
  An orc (Orc:1)
  13 bushes
  46 fungi
  11 plants
95 creatures vanquished.

Grand Total: 1345 creatures vanquished

Notes
Turn   | Place    | Note
--------------------------------------------------------------
     0 | D:1      | M4edhros the Octopode Hunter began the quest for the Orb.
     0 | D:1      | Reached XP level 1. HP: 14/14 MP: 1/1
   133 | D:1      | Found a glowing golden altar of the Shining One.
   153 | D:1      | Reached XP level 2. HP: 19/19 MP: 2/2
   730 | D:2      | Reached skill level 3 in Dodging
   730 | D:2      | Reached XP level 3. HP: 24/24 MP: 3/3
   858 | D:2      | Found a faded altar to an unknown god.
  1180 | D:2      | Found a shattered altar of Ashenzari.
  1432 | D:2      | Reached XP level 4. HP: 14/29 MP: 4/4
  1940 | D:3      | Reached skill level 4 in Dodging
  2233 | D:4      | Reached XP level 5. HP: 32/34 MP: 5/5
  2240 | D:4      | Reached skill level 5 in Slings
  2449 | D:4      | Gained mutation: You are somewhat resistant to further mutation. [potion of mutation]
  2501 | D:4      | Reached skill level 5 in Dodging
  2527 | D:4      | Found a staircase to the Ecumenical Temple.
  2604 | Temple   | Entered the Ecumenical Temple
  2679 | D:4      | Noticed M4edhros's ghost (amateur OpHu)
  2683 | D:4      | Reached XP level 6. HP: 35/39 MP: 6/6
  3047 | D:4      | Found a shadowy altar of Dithmenos.
  3060 | D:4      | Found an oddly glowing altar of Pakellas.
  3207 | D:5      | Entered Level 5 of the Dungeon
  3243 | D:5      | Noticed a phantom
  3279 | D:5      | Killed a phantom
  3279 | D:5      | Reached skill level 6 in Dodging
  3279 | D:5      | Reached XP level 7. HP: 25/45 MP: 7/7
  3325 | D:5      | Found a shimmering altar of Xom.
  3476 | D:5      | Became a worshipper of Xom of Chaos
  3565 | D:5      | Found a sparkling altar of Nemelex Xobeh.
  3594 | D:5      | Found a white marble altar of Elyvilon.
  4183 | Temple   | XOM: silly message
  4796 | Temple   | XOM: divination: detect creatures
  4810 | Temple   | XOM is BORED!
  4810 | Temple   | XOM: medium Summ miscast
  5248 | Temple   | XOM: cast spell 'Ice Form'
  5641 | Temple   | XOM: divination: magic mapping
  5653 | Temple   | XOM: cast spell 'Hydra Form'
  5785 | Temple   | XOM: god gift: dagger {god gift}
  7209 | Temple   | XOM: silly message
  7962 | Temple   | XOM: mild Air miscast
  7962 | Temple   | XOM: smoke on damage
  8028 | Temple   | XOM: noise
  8116 | Temple   | XOM: cast spell 'Necromutation'
  8249 | Temple   | XOM: harmless Erth miscast
  8287 | Temple   | XOM is BORED!
  8287 | Temple   | XOM: give mutation
  8287 | Temple   | Gained mutation: You are weak. (Str -2) [Xom's mischief]
  9313 | Temple   | XOM: god gift: 33 gold pieces
  9593 | Temple   | XOM: 5-stop teleportation journey
  9701 | Temple   | XOM: god gift: 15 gold pieces
 11382 | Temple   | XOM: give mutations
 11382 | Temple   | Gained mutation: You are partially covered in rugged brown scales (AC +1, +3% HP). [Xom's grace]
 11382 | Temple   | Gained mutation: Your flesh is heat resistant. [Xom's grace]
 11382 | Temple   | Gained mutation: You have supernaturally acute eyesight. [Xom's grace]
 11467 | Temple   | XOM: cast spell 'Dragon Form'
 11545 | Temple   | XOM: give mutations
 11545 | Temple   | Gained mutation: Your spells are a little harder to cast, but a little more powerful. [Xom's grace]
 11545 | Temple   | Gained mutation: You are agile. (Dex +2) [Xom's grace]
 12275 | Temple   | XOM is BORED!
 12275 | Temple   | XOM: stat loss: -1 Dex (16/17)
 13250 | Temple   | XOM: god gift: potion of curing
 13377 | Temple   | XOM: divination: detect creatures
 13654 | Temple   | XOM is BORED!
 13654 | Temple   | XOM: medium Conj miscast
 13872 | D:4      | XOM: 2-stop teleportation journey
 14404 | D:5      | Noticed a moth of wrath
 14416 | D:5      | Reached skill level 7 in Dodging
 14467 | D:5      | Found a bloodstained altar of Trog.
 14479 | D:5      | XOM: butterfly on damage
 14485 | D:5      | XOM: enchant monster (good)
 14502 | D:5      | XOM: divination: detect creatures
 14763 | D:6      | Reached XP level 8. HP: 31/51 MP: 8/8
 14802 | D:6      | XOM: confusion
 14844 | D:6      | XOM: god gift: scroll labeled RYFREF OXOY
 14871 | D:6      | XOM: potion effect (haste)
 14873 | D:6      | Reached skill level 8 in Dodging
 15118 | D:6      | XOM: god gift: scroll of immolation
 15138 | D:6      | XOM: medium Conj miscast
 15143 | D:6      | Noticed Menkaure
 15144 | D:6      | XOM: smoke on damage
 15147 | D:6      | Killed Menkaure
 15238 | D:6      | XOM: 5-stop teleportation journey
 15260 | D:6      | XOM: give mutations
 15260 | D:6      | Gained mutation: You are very agile. (Dex +4) [Xom's grace]
 15260 | D:6      | Gained mutation: You are partially covered in rough black scales (AC +4, Dex -1). [Xom's grace]
 15260 | D:6      | Gained mutation: You are partially covered in iridescent scales (AC +4). [Xom's grace]
 16126 | D:6      | XOM: colour smoke trail
 16244 | D:6      | XOM: scenery: create altars
 16269 | D:6      | XOM: harmless Pois miscast
 16350 | D:6      | XOM: give mutations
 16350 | D:6      | Lost mutation: You have supernaturally acute eyesight. [Xom's mischief]
 16350 | D:6      | Gained mutation: Scrolls take you a little longer to read. [Xom's mischief]
 16350 | D:6      | Lost mutation: Your spells are a little harder to cast, but a little more powerful. [Xom's mischief]
 16350 | D:6      | Gained mutation: You possess an exceptional clarity of mind. [Xom's mischief]
 16350 | D:6      | Lost mutation: You are very agile. (Dex +4) [Xom's mischief]
 16641 | D:6      | Found an iron altar of Okawaru.
 16765 | D:6      | XOM: mild Air miscast
 16785 | D:6      | Found Othrik's Jewellery Emporium.
 16789 | D:6      | Bought an uncursed amulet of regeneration for 330 gold pieces
 16889 | D:6      | XOM: divination: detect creatures
 17100 | D:7      | Reached skill level 9 in Dodging
 17101 | D:7      | XOM: confuse monster(s)
 17237 | D:7      | Found a deep blue altar of Sif Muna.
 17282 | D:7      | XOM: noise
 17289 | D:7      | XOM: polymorph giant frog -> iguana
 17290 | D:7      | XOM: fog
 17298 | D:7      | Reached XP level 9. HP: 56/56 MP: 9/9
 17377 | D:7      | XOM: give mutation
 17377 | D:7      | Lost mutation: You are weak. (Str -2) [Xom's grace]
 17555 | D:7      | XOM: 1-stop teleportation journey
 17618 | D:7      | XOM: cast spell 'Ring of Flames'
 18132 | D:7      | XOM: mild Hex miscast
 19293 | D:7      | Found a stormy altar of Qazlal.
 19299 | D:7      | XOM: scenery: create altars
 19411 | D:7      | XOM: 5-stop teleportation journey
 20239 | D:7      | XOM: give mutations
 20239 | D:7      | Gained mutation: You have a beak for a mouth. [Xom's grace]
 20239 | D:7      | Gained mutation: Your mind is acute. (Int +2) [Xom's grace]
 20239 | D:7      | Gained mutation: One of your tentacles bears a spike. [Xom's grace]
 21262 | D:7      | Reached skill level 10 in Dodging
 21506 | D:7      | XOM is BORED!
 21506 | D:7      | XOM: mild Trmt miscast
 21849 | D:7      | XOM: cast spell 'Necromutation'
 21877 | D:7      | XOM is BORED!
 21877 | D:7      | XOM: mild Tloc miscast
 21958 | D:8      | XOM: god gift: scroll of recharging
 22072 | D:8      | XOM: colour smoke trail
 22360 | D:8      | XOM: cast spell 'Ice Form'
 22945 | D:8      | Reached XP level 10. HP: 64/66 MP: 10/10
 22995 | D:8      | XOM: butterfly on damage
 22996 | D:8      | XOM: harmless Summ miscast
 23003 | D:8      | Reached skill level 5 in Fighting
 23003 | D:8      | Reached skill level 11 in Dodging
 23024 | D:8      | XOM: medium Fire miscast
 23378 | D:8      | XOM: polymorph killer bee -> swamp drake
 23861 | D:9      | Found a sacrificial altar of Ru.
 23886 | D:9      | Found a staircase to the Lair.
 24074 | D:9      | XOM: summons 1 hostile demon
 24189 | D:9      | Found an opulent altar of Gozag.
 24218 | D:9      | XOM: divination: detect items
 24630 | D:9      | XOM: silly message
 24690 | D:9      | XOM: harmless Summ miscast
 24740 | D:10     | Entered Level 10 of the Dungeon
 24893 | D:10     | XOM: silly message
 24938 | D:10     | Noticed a hill giant
 24943 | D:10     | XOM: summons 3 friendly demons
 24970 | D:10     | XOM: summons friendly quasit
 24976 | D:10     | Killed a hill giant
 25091 | D:10     | Reached skill level 12 in Dodging
 25580 | D:10     | XOM: harmless Hex miscast
 25831 | D:10     | Found a staircase to the Orcish Mines.
 25857 | D:10     | Reached XP level 11. HP: 70/76 MP: 11/11
 26269 | D:11     | XOM: repel stairs
 27455 | D:11     | XOM: vitrification
 27669 | D:11     | XOM: mild Conj miscast
 27671 | D:11     | Found Ytogiwul's Book Shoppe.
 27686 | D:11     | XOM: enchant monster (good)
 27701 | D:11     | XOM: give mutation
 27701 | D:11     | Lost mutation: Your mind is acute. (Int +2) [Xom's mischief]
 27783 | D:11     | Noticed a brown ugly thing
 27943 | D:10     | XOM: give mutation
 27943 | D:10     | Gained mutation: Your magical capacity is low (-10% MP). [Xom's mischief]
 28455 | D:10     | XOM: colour smoke trail
 28464 | D:10     | XOM: potion effect (experience)
 28464 | D:10     | Reached XP level 12. HP: 82/92 MP: 10/10
 28536 | D:10     | XOM: fake destruction
 28906 | D:10     | XOM: noise
 29385 | D:9      | XOM: god gift: meat ration
 29427 | D:7      | XOM: god gift: thick jewelled staff {god gift}
 29438 | D:7      | XOM: medium Necr miscast
 29886 | Temple   | XOM: give mutations
 29886 | Temple   | Lost mutation: One of your tentacles bears a spike. [Xom's mischief]
 29886 | Temple   | Gained mutation: You expend magic power (3 MP) to strengthen your wands. [Xom's mischief]
 29886 | Temple   | Lost mutation: You are partially covered in iridescent scales (AC +4). [Xom's mischief]
 30709 | Temple   | XOM: 1-stop teleportation journey
 31070 | Temple   | XOM: god gift: hand axe {god gift}
 31374 | Temple   | XOM: give mutation
 31374 | Temple   | Gained mutation: You have a pair of small antennae on your head. [Xom's grace]
 31472 | Temple   | XOM: divination: detect items
 31540 | Temple   | XOM is BORED!
 31540 | Temple   | XOM: mild Necr miscast
 31563 | Temple   | XOM: divination: magic mapping
 31887 | Temple   | XOM: god gift: 20 stones
 31895 | Temple   | XOM: god gift: chain mail {god gift}
 32138 | Temple   | XOM: give mutations
 32138 | Temple   | Gained mutation: You can translocate small distances at will. [Xom's grace]
 32138 | Temple   | Gained mutation: Your system is resistant to poisons. [Xom's grace]
 32886 | Temple   | XOM: god gift: scroll labeled MIEREOTWIRR
 32889 | Temple   | XOM: give mutations
 32889 | Temple   | Gained mutation: One of your tentacles bears a spike. [Xom's grace]
 32889 | Temple   | Gained mutation: You are surrounded by a mild repulsion field (EV +2). [Xom's grace]
 32889 | Temple   | Gained mutation: You passively map a small area around you. [Xom's grace]
 32889 | Temple   | Gained mutation: One of your tentacles bears a nasty spike. [Xom's grace]
 33465 | Temple   | XOM: 2-stop teleportation journey
 33639 | Temple   | XOM: harmless Ice miscast
 34327 | Temple   | XOM: give mutation
 34327 | Temple   | Lost mutation: Your magical capacity is low (-10% MP). [Xom's mischief]
 34625 | Temple   | XOM is BORED!
 34625 | Temple   | XOM: noise
 35160 | Temple   | XOM: god gift: 1610 gold pieces
 35336 | Temple   | XOM: god gift: 45 gold pieces
 35377 | Temple   | XOM: divination: magic mapping
 36067 | Temple   | XOM: 1-stop teleportation journey
 36185 | Temple   | XOM is BORED!
 36185 | Temple   | XOM: 3-stop teleportation journey
 36792 | Temple   | XOM: give mutations
 36792 | Temple   | Gained mutation: Your spells are a little harder to cast, but a little more powerful. [Xom's grace]
 36792 | Temple   | Gained mutation: Your flesh is very heat resistant. [Xom's grace]
 36792 | Temple   | Gained mutation: Your spells are harder to cast, but more powerful. [Xom's grace]
 36870 | Temple   | XOM: give mutations
 36870 | Temple   | Lost mutation: You passively map a small area around you. [Xom's mischief]
 36870 | Temple   | Lost mutation: One of your tentacles bears a nasty spike. [Xom's mischief]
 36870 | Temple   | Lost mutation: Your flesh is very heat resistant. [Xom's mischief]
 37061 | Temple   | XOM: harmless Air miscast
 37843 | Temple   | XOM: 3-stop teleportation journey
 37912 | Temple   | XOM is BORED!
 37912 | Temple   | XOM: medium Erth miscast
 38404 | Temple   | XOM: god gift: bread ration
 38470 | Temple   | XOM: colour smoke trail
 38686 | Temple   | XOM: divination: detect items
 39325 | Temple   | XOM: 1-stop teleportation journey
 39518 | Temple   | XOM: god gift: runed great sword {god gift}
 39528 | Temple   | XOM: god gift: 340 gold pieces
 39544 | Temple   | XOM: give mutations
 39544 | Temple   | Gained mutation: You have a pair of antennae on your head. [Xom's grace]
 39544 | Temple   | Lost mutation: Scrolls take you a little longer to read. [Xom's grace]
 39544 | Temple   | Gained mutation: You have supernaturally acute eyesight. [Xom's grace]
 39887 | Temple   | XOM is BORED!
 39887 | Temple   | XOM: noise
 40604 | Temple   | XOM is BORED!
 40604 | Temple   | XOM: medium Erth miscast
 41180 | Temple   | XOM: divination: detect items
 41451 | Temple   | XOM: divination: detect creatures
 42341 | Temple   | XOM: colour smoke trail
 42721 | Temple   | XOM: god gift: leather armour {god gift}
 43237 | Temple   | XOM: 11-stop teleportation journey
 43264 | Temple   | XOM is BORED!
 43264 | Temple   | XOM: 2-stop teleportation journey
 43274 | Temple   | XOM: 7-stop teleportation journey
 43302 | Temple   | XOM: god gift: embroidered hat {god gift}
 43664 | Temple   | XOM: god gift: glowing flail {god gift}
 43767 | Temple   | XOM: give mutation
 43767 | Temple   | Lost mutation: You have a pair of antennae on your head. [Xom's mischief]
 43800 | Temple   | XOM: harmless Erth miscast
 44038 | Temple   | XOM: silly message
 44128 | Temple   | XOM: divination: magic mapping
 44182 | Temple   | XOM: harmless Pois miscast
 44561 | D:4      | Killed M4edhros's ghost
 44704 | D:9      | Fell from the grace of Xom
 44704 | D:9      | Became a worshipper of Gozag Ym Sagoz the Greedy
 45030 | Orc:1    | Entered Level 1 of the Orcish Mines
 45030 | Orc:1    | Found Fecoakou's Book Shoppe.
 45096 | Orc:1    | Reached skill level 10 in Slings
 45160 | Orc:1    | Noticed Nergalle
 45235 | Orc:1    | Killed Nergalle
 45235 | Orc:1    | Reached skill level 13 in Dodging
 45435 | D:7      | XOM: stat loss: -3 Str (11/12)
 45516 | Temple   | Bought a bread ration for 55 gold pieces
 45516 | Temple   | Bought a bread ration for 55 gold pieces
 45517 | Temple   | Bought a bread ration for 60 gold pieces
 45517 | Temple   | Bought a bread ration for 60 gold pieces
 45517 | Temple   | Bought a bread ration for 60 gold pieces
 46157 | Orc:1    | XOM: mild Trmt miscast
 46235 | Orc:1    | XOM: give mutations
 46235 | Orc:1    | Lost mutation: You are agile. (Dex +2) [Xom's mischief]
 46235 | Orc:1    | Lost mutation: You expend magic power (3 MP) to strengthen your wands. [Xom's mischief]
 46256 | Orc:2    | Entered Level 2 of the Orcish Mines
 46273 | Orc:2    | Noticed Saint Roka
 46281 | Orc:2    | XOM: enchant monster (bad)
 46597 | Orc:2    | Found a staircase to the Elven Halls.
 47424 | Orc:2    | Noticed a sun demon
 47563 | Orc:2    | Noticed Amnesiac's ghost (journeyman OpTm)
 47663 | Orc:2    | Reached XP level 13. HP: 93/99 MP: 13/13
 47675 | Orc:2    | Found Totosudd's Armour Shop.
 47675 | Orc:2    | Found Bautihe's Antique Armour Shoppe.
 47711 | Orc:2    | Found a roughly hewn altar of Beogh.
 47822 | Lair:1   | Entered Level 1 of the Lair of Beasts
 47833 | Lair:1   | Reached skill level 14 in Dodging
 47850 | Lair:1   | Noticed Fannar
 47866 | Lair:1   | Killed Fannar
 48080 | Lair:1   | XOM: summons 10 hostile demons
 48300 | Lair:1   | XOM: mild Hex miscast
 48499 | Lair:1   | Reached skill level 5 in Stealth
 48695 | Lair:1   | Found an oddly glowing altar of Pakellas.
 49354 | Lair:2   | XOM: give mutations
 49354 | Lair:2   | Lost mutation: One of your tentacles bears a spike. [Xom's mischief]
 49354 | Lair:2   | Lost mutation: You possess an exceptional clarity of mind. [Xom's mischief]
 49447 | Lair:2   | Gained mutation: Your muscles are strong. (Str +2) [potion of mutation]
 49757 | Lair:2   | XOM: noise
 49889 | Lair:2   | XOM: stat loss: -2 Dex (15/16)
 49934 | Lair:2   | XOM: give mutations
 49934 | Lair:2   | Lost mutation: You have a pair of small antennae on your head. [Xom's mischief]
 49934 | Lair:2   | Gained mutation: You occasionally shout uncontrollably at your foes. [Xom's mischief]
 49934 | Lair:2   | Lost mutation: You have supernaturally acute eyesight. [Xom's mischief]
 49934 | Lair:2   | Lost mutation: Your system is resistant to poisons. [Xom's mischief]
 51325 | Lair:3   | XOM: mild Pois miscast
 51420 | Lair:4   | Found a staircase to the Swamp.
 51439 | Lair:4   | Reached skill level 10 in Stealth
 51588 | Lair:3   | Reached skill level 15 in Dodging
 51588 | Lair:3   | Reached XP level 14. HP: 82/106 MP: 14/14
 52184 | Lair:4   | XOM: summons 1 hostile demon
 52474 | Lair:4   | Found a hole to the Spider Nest.
 52914 | Lair:5   | Got an ichor-stained shortbow
 52916 | Lair:5   | Got a brightly glowing quarterstaff
 52920 | Lair:5   | Identified the +9 shortbow of the Madman {velocity, rPois Str+5} (You found it on level 5 of the Lair of Beasts)
 52921 | Lair:5   | Identified the cursed +1 quarterstaff of Calculation {freeze, rF- Dex+9} (You found it on level 5 of the Lair of Beasts)
 53208 | Lair:4   | XOM: give mutations
 53208 | Lair:4   | Lost mutation: Your spells are harder to cast, but more powerful. [Xom's mischief]
 53208 | Lair:4   | Lost mutation: Your spells are a little harder to cast, but a little more powerful. [Xom's mischief]
 53208 | Lair:4   | Gained mutation: Your body sometimes deteriorates upon taking damage. [Xom's mischief]
 53208 | Lair:4   | Lost mutation: Your body sometimes deteriorates upon taking damage. [Xom's mischief]
 53236 | Lair:5   | XOM: medium Ice miscast
 53299 | Lair:5   | XOM: stat loss: -2 Int (12/13)
 53315 | Lair:5   | Learned a level 3 spell: Gell's Gravitas
 53319 | Lair:5   | Learned a level 3 spell: Dazzling Spray
 53568 | Lair:5   | Got an encrusted blowgun
 53677 | Lair:5   | Identified the cursed +1 blowgun of Qazlal's Benevolence {evade, Fragile +Inv rC+++ Dex-5} (You found it on level 5 of the Lair of Beasts)
 53840 | Lair:5   | Reached skill level 1 in Hexes
 53882 | Lair:5   | Reached skill level 1 in Spellcasting
 53910 | Lair:5   | Reached skill level 1 in Translocations
 54065 | Lair:6   | Learned a level 4 spell: Leda's Liquefaction
 54180 | Lair:6   | Reached skill level 1 in Earth Magic
 54498 | Lair:6   | XOM: medium Summ miscast
 54561 | Lair:6   | XOM: mild Trmt miscast
 54669 | Lair:6   | XOM: draining
 54942 | Lair:6   | Lost mutation: Your flesh is heat resistant. [potion of mutation]
 54943 | Lair:6   | Gained mutation: You are resistant to hostile enchantments. [potion of mutation]
 55526 | Lair:7   | XOM: 2-stop teleportation journey
 55527 | Lair:7   | Found a frozen archway.
 55616 | IceCv    | Entered an ice cave
 56884 | Lair:7   | XOM: torment (54/106 hp)
 56907 | Lair:7   | Found a staircase to the Slime Pits.
 56937 | Lair:7   | XOM: give mutations
 56937 | Lair:7   | Gained mutation: Your system is resistant to poisons. [Xom's mischief]
 56937 | Lair:7   | Gained mutation: Your body sometimes deteriorates upon taking damage. [Xom's mischief]
 56937 | Lair:7   | Lost mutation: You have a beak for a mouth. [Xom's mischief]
 56937 | Lair:7   | Lost mutation: Your system is resistant to poisons. [Xom's mischief]
 57075 | Lair:8   | Entered Level 8 of the Lair of Beasts
 57354 | Lair:8   | Reached XP level 15. HP: 46/111 MP: 21/21
 57474 | Lair:7   | XOM: draining
 57612 | Lair:7   | Reached skill level 5 in Hexes
 57790 | Lair:8   | Reached skill level 5 in Earth Magic
 57967 | Lair:8   | XOM: repel stairs
 57967 | Lair:8   | Was forgiven by Xom
 58095 | Lair:8   | Reached skill level 5 in Spellcasting
 58153 | Lair:8   | Reached skill level 5 in Translocations
 58573 | Lair:8   | Identified a +4 rod of clouds (11/11) (You found it on level 8 of the Lair of Beasts)
 59918 | D:6      | Bought a +5 ring of dexterity for 453 gold pieces
 59935 | D:6      | Bought an uncursed amulet of faith for 520 gold pieces
 59935 | D:6      | Bought a cursed -3 ring of evasion for 26 gold pieces
 59935 | D:6      | Bought a cursed amulet of inaccuracy for 26 gold pieces
 59945 | D:6      | Bought a bread ration for 60 gold pieces
 59945 | D:6      | Bought a meat ration for 60 gold pieces
 59945 | D:6      | Bought a bread ration for 60 gold pieces
 59946 | D:6      | Bought a meat ration for 60 gold pieces
 59946 | D:6      | Bought a bread ration for 60 gold pieces
 59946 | D:6      | Bought a bread ration for 60 gold pieces
 59946 | D:6      | Bought a meat ration for 60 gold pieces
 59946 | D:6      | Bought a bread ration for 60 gold pieces
 59948 | D:6      | Bought a royal jelly for 24 gold pieces
 59948 | D:6      | Bought a royal jelly for 24 gold pieces
 59948 | D:6      | Bought a royal jelly for 24 gold pieces
 59949 | D:6      | Bought a royal jelly for 24 gold pieces
 60102 | Temple   | Bought a meat ration for 60 gold pieces
 60102 | Temple   | Bought a royal jelly for 24 gold pieces
 60102 | Temple   | Bought a royal jelly for 24 gold pieces
 60103 | Temple   | Bought a meat ration for 55 gold pieces
 60103 | Temple   | Bought a meat ration for 55 gold pieces
 60103 | Temple   | Bought a meat ration for 55 gold pieces
 60489 | D:12     | Learned a level 4 spell: Fulminant Prism
 60949 | D:12     | Found a runed door.
 60950 | D:12     | Noticed a storm dragon
 61367 | D:12     | Noticed Maud
 61375 | D:12     | Noticed Azrael
 61424 | D:12     | Found Ycoschown's Assorted Antiques.
 62128 | D:13     | Identified the Guide on Ghastly Battle Magic
 62270 | D:13     | Found Lulibrin's Armour Boutique.
 62607 | D:13     | Reached skill level 1 in Evocations
 62798 | D:13     | Reached XP level 16. HP: 61/117 MP: 26/26
 62867 | D:13     | Found a gate to the Vaults.
 63201 | D:12     | Lost mutation: Your body sometimes deteriorates upon taking damage. [potion of mutation]
 63201 | D:12     | Gained mutation: You are agile. (Dex +2) [potion of mutation]
 63230 | D:12     | Killed Maud
 63275 | D:12     | Killed Azrael
 63483 | D:14     | Noticed Nessos
 63499 | D:14     | Killed Nessos
 63533 | D:14     | Identified a +2 rod of clouds (14/14) (You found it on level 14 of the Dungeon)
 63996 | D:14     | Identified a scroll of acquirement
 64193 | D:14     | Found a basalt altar of Yredelemnul.
 64280 | D:14     | Reached skill level 1 in Shields
 64575 | D:15     | Entered Level 15 of the Dungeon
 64659 | D:15     | Found a stormy altar of Qazlal.
 64672 | D:15     | Noticed Louise
 64804 | D:15     | Killed Louise
 64859 | D:15     | Reached skill level 5 in Shields
 65400 | D:15     | Noticed a storm dragon
 66727 | Orc:2    | Found Xymekea's Weapon Shop.
 66727 | Orc:2    | Found Jariluov's Weapon Shoppe.
 66981 | Orc:2    | Killed Saint Roka
 67578 | D:6      | Bought the ring "Rotid" {rF+ rC++} for 544 gold pieces
 67716 | D:12     | Learned a level 1 spell: Sandblast
 67856 | Swamp:1  | Entered Level 1 of the Swamp
 69096 | Swamp:2  | Reached skill level 10 in Shields
 69672 | Swamp:2  | Reached XP level 17. HP: 81/122 MP: 27/27
 70467 | Swamp:3  | Got an ancient granite ring
 70468 | Swamp:3  | Identified the ring of Fuicontu {rC++ MP+9} (You found it on level 3 of the Swamp)
 70478 | Swamp:3  | Lost mutation: You occasionally shout uncontrollably at your foes. [potion of mutation]
 71396 | Swamp:4  | Entered Level 4 of the Swamp
 71992 | D:6      | Bought a beef jerky for 18 gold pieces
 71992 | D:6      | Bought a slice of pizza for 18 gold pieces
 71992 | D:6      | Bought a beef jerky for 18 gold pieces
 71992 | D:6      | Bought a slice of pizza for 18 gold pieces
 71992 | D:6      | Bought a slice of pizza for 18 gold pieces
 71992 | D:6      | Bought a slice of pizza for 18 gold pieces
 71992 | D:6      | Bought 2 fruits for 36 gold pieces
 71992 | D:6      | Bought 4 fruits for 72 gold pieces
 71992 | D:6      | Bought 4 fruits for 72 gold pieces
 71993 | D:6      | Bought 4 fruits for 72 gold pieces
 71993 | D:6      | Bought a beef jerky for 18 gold pieces
 72792 | Elf:1    | Entered Level 1 of the Elven Halls
 72992 | Elf:1    | Reached skill level 5 in Evocations
 75123 | Elf:2    | Found a huge runed gate.
 75123 | Elf:2    | Found a huge runed gate.
 75127 | Elf:2    | Found a huge runed gate.
 75127 | Elf:2    | Found a huge runed gate.
 75127 | Elf:2    | Found a huge runed gate.
 75600 | Elf:2    | Reached XP level 18. HP: 116/129 MP: 28/28
 75872 | Elf:3    | Entered Level 3 of the Elven Halls
 75872 | Elf:3    | Noticed zkyp's ghost (adept SpAK)
 75917 | Elf:3    | Killed zkyp's ghost
 76401 | Elf:3    | Identified a +0 rod of inaccuracy (10/10) (You found it on level 3 of the Elven Halls)
 76761 | Elf:3    | Noticed a deep elf blademaster
 76816 | Elf:3    | Reached skill level 10 in Evocations
 76951 | Elf:3    | Noticed a Brimstone Fiend
 76954 | Elf:3    | Noticed a Hell Sentinel
 77555 | Elf:3    | Noticed a deep elf master archer
 77592 | Elf:3    | Killed a deep elf master archer
 77636 | Elf:3    | Noticed a deep elf blademaster
 77654 | Elf:3    | Slain by a deep elf blademaster

Vault maps used:
D:1:      dpeg_arrival_shelter, tso_metal_star
D:2:      ashenzari_altar_1, ecumenical_altar_1, minmay_bad_closet
D:3:      first_bread
D:4:      zin_angel, gammafunk_temple_overflow_statue,
          minmay_temple_entry_statues_fountains, serial_forest,
          infiniplex_forest_lined_2, infiniplex_forest_lined_room_2,
          infiniplex_forest_clump_long, infiniplex_forest_end_2,
          infiniplex_forest_lined_3, infiniplex_forest_clump_long,
          infiniplex_forest_lined_4_way, infiniplex_forest_lined_room_2
D:5:      kb_xom_exploding_sheep, tgw_trog, basic_altar,
          mrwooster_statue_mirror, nemelex_altar_shiori
D:6:      kennysheep_mini, serial_shops, shop, kennysheep_doodads, uniq_menkaure
D:7:      nicolae_overflow_hidden_temple, lemuel_coloured_pillars_altar
D:8:      david_nohive_1, patterned_corridor
D:9:      grunt_gozag_breadcrumbs, nicolae_ru_sacrificial_ziggurat,
          lair_0_dummy, grunt_ministairs_7
D:10:     hiddenorc1_lemuel
D:11:     serial_shops, shop
D:12:     serial_shops, kennysheep_mini_moat, minmay_hidden_floor, uniq_maud,
          uniq_azrael
D:13:     grunt_vaults_entry_tiered, serial_shops, nicolae_shop_trees
D:14:     kennysheep_flooded_box, hangedman_abyss_or_decor_lesser_grid,
          minivault_23, uniq_nessos
D:15:     gammafunk_enter_depths_forms, serial_park_square2, uniq_josephine,
          uniq_louise
Temple:   minmay_temple_bridge_a_8
Lair:1:   st_stairs_12, lemuel_centaur_altar, grunt_megastairs_4, uniq_fannar
Lair:2:   serial_bayou_pond_b, serial_bayou_pond_d, grunt_forest_stairs_basic
Lair:3:   infiniplex_staircase_pool
Lair:4:   swamp_mist, nicolae_spider_entry_non_spiders
Lair:5:   serial_bayou_lagoon_b
Lair:6:   st_stairs_13
Lair:7:   minmay_slime_entry_oklob_enclosed, portal_ice_cave_entry_imps
Lair:8:   minmay_lair_end_frog_pond, infiniplex_staircase_pool_2
Swamp:1:  evilmike_swamp_ruin_house_2
Swamp:2:  nicolae_swamp_feature_on_the_river_bank
Swamp:3:  evilmike_swamp_ruin_house_5
Swamp:4:  swamp_alternative
Orc:1:    serial_shops, shop, mines_bat_river, uniq_nergalle
Orc:2:    st_orc_town, uniq_saint_roka
Elf:1:    kennysheep_underground_church, minmay_fountain_box
Elf:3:    elf_hall
IceCv:    ice_cave_statue_garden_02

Skill      XL: |  1  2  3  4  5  6  7  8  9 10 11 12 13 14 15 16 17 18 |
---------------+-------------------------------------------------------+-----
Dodging        | 3 4 5 6 7 9 10 12 13 15 | 15.0
Slings         | 5 6 7 8 9 10 12 | 12.0
Fighting       | 4 6 11 12 | 12.0
Stealth        | 10 13 | 13.0
Hexes          | 4 7 8 |  8.4
Spellcasting   | 4 6 7 |  7.3
Translocations | 3 5 |  5.2
Earth Magic    | 4 7 |  7.9
Evocations     | 2 3 8 10 | 10.5
Shields        | 10 13 14 | 14.1

Action                   |  1- 3 |  4- 6 |  7- 9 | 10-12 | 13-15 | 16-18 || total
-------------------------+-------+-------+-------+-------+-------+-------++-------
Melee: Spear             |     6 |   126 |    35 |    35 |       |       ||   202
       Quarterstaff      |       |       |       |       |   199 |       ||   199
       Hunting sling     |       |       |       |       |       |    12 ||    12
 Fire: Hunting sling     |   116 |     4 |   457 |   888 |  2231 |  2324 ||  6020
       Shortbow          |       |       |       |       |   247 |    38 ||   285
Invok: Call Merchant     |       |       |       |     2 |     4 |     1 ||     7
 Abil: Blink             |       |       |       |       |     2 |       ||     2
Evoke: Wand              |       |       |       |     9 |     1 |    21 ||    31
       Fan of gales      |       |       |       |       |     1 |     3 ||     4
       Rod               |       |       |       |       |     1 |     8 ||     9
  Use: Potion            |       |     7 |     7 |     3 |     9 |     9 ||    35
       Scroll            |       |    13 |     4 |     8 |    19 |    20 ||    64
 Stab: Sleeping          |       |     6 |     1 |     2 |     9 |       ||    18
       Distracted        |       |       |       |       |     5 |       ||     5
  Eat: Chunk             |     1 |     6 |    28 |    12 |       |       ||    47
       Bread ration      |       |       |     4 |     5 |     4 |       ||    13
       Meat ration       |       |       |     2 |     4 |     3 |     3 ||    12
       Pizza             |       |       |     1 |     1 |     1 |     5 ||     8
       Beef jerky        |       |       |     1 |     3 |     2 |     5 ||    11
       Royal jelly       |       |       |       |     7 |     3 |     4 ||    14
       Fruit             |       |       |       |     1 |       |     5 ||     6
